 Dungeon Crawl Stone Soup version 0.29.1-15-g9cfb28693d (webtiles) character file.

Game seed: 18133635051880102392

309 Achh the Chopper (level 6, -1/48 HPs)
             Began as a Human Fighter on Mar 15, 2023.
             Was an Initiate of Ru.
             Succumbed to a scorpion's poison
             ... on level 4 of the Dungeon.
             The game lasted 00:11:19 (4154 turns).

Achh the Chopper (Human Fighter)                    Turns: 4154, Time: 00:11:19

Health: -1/48      AC: 11    Str: 18    XL:     6   Next: 69%
Magic:  6/6        EV:  7    Int:  9    God:    Ru [......]
Gold:   299        SH:  5    Dex: 12    Spells: 5/5 levels left

rFire   . . .      SeeInvis .   a - +0 war axe
rCold   . . .      Faith    .   c - +0 buckler
rNeg    + + +      Spirit   .   t - +0 chain mail
rPois   .          Reflect  .   (no helmet)
rElec   .          Harm     .   (no cloak)
rCorr   .          Rampage  .   q - +0 pair of gloves of Articulation {Fly rN+++ Will+ Stlth-}
Will    +....                   l - +0 pair of boots
Stlth   ..........              (no amulet)
HPRegen 0.16/turn               (no ring)
MPRegen 0.10/turn               (no ring)

@: lethally poisoned (-1 -> -8), about to teleport, flying
A: no striking features
a: Renounce Religion


You were on level 4 of the Dungeon.
You worshipped Ru.
Ru was noncommittal.
You visited 1 branch of the dungeon, and saw 4 of its levels.

You collected 299 gold pieces.

Inventory:

Hand Weapons
 a - a +0 war axe (weapon)
Armour
 c - a +0 buckler (worn)
 l - a +0 pair of boots (worn)
 q - the +0 pair of gloves of Articulation (worn) {Fly rN+++ Will+ Stlth-}
   (You found it on level 3 of the Dungeon)

   rN:        It renders you almost immune to negative energy.
   Fly:       It grants you flight.
   Will:      It increases your willpower.
   Stlth:     It makes you less stealthy.
 t - a +0 chain mail (worn)
Scrolls
 b - a scroll of immolation {unknown}
 i - a scroll of amnesia
 j - a scroll of brand weapon {unknown}
 m - a scroll of silence {unknown}
 p - a scroll of torment
Potions
 d - 2 potions of might
 f - 3 potions of mutation {unknown}
 g - a potion of magic {unknown}
 h - a potion of degeneration {unknown}
 k - 2 potions of heal wounds {unknown}
 n - a potion of haste {unknown}
 o - 2 potions of brilliance {unknown}
 r - 4 potions of curing {unknown}


   Skills:
 + Level 3.8 Fighting
 + Level 4.3 Axes
 + Level 4.2 Armour
 + Level 1.0 Dodging
 + Level 0.2 Stealth
 + Level 3.8 Shields


You had 5 spell levels left.
You didn't know any spells.
Your spell library contained the following spells:

 Spells                   Type           Power      Damage    Failure   Level
 Magic Dart               Conj           0%         1d3       100%        1
 Call Imp                 Summ           0%         N/A       100%        2
 Gell's Gravitas          Tloc           0%         N/A       100%        3
 Ignite Poison            Fire/Tmut/Pois 0%         N/A       100%        3
 Mephitic Cloud           Conj/Pois/Air  0%         N/A       100%        3
 Portal Projectile        Hex/Tloc       0%         N/A       100%        3
 Teleport Other           Tloc           0%         N/A       100%        3
 Tukima's Dance           Hex            0%         N/A       100%        3
 Blade Hands              Tmut           0%         N/A       100%        5
 Freezing Cloud           Conj/Ice/Air   0%         6-21      100%        5
 Dispersal                Tloc           0%         N/A       100%        6


Dungeon Overview and Level Annotations

Branches:
Dungeon (4/15)
 Temple: D:4-7

Altars:
Ashenzari
Ru
Uskayaw


Message History

a +0 dagger; a +0 leather armour; an orc corpse As you open the door, it creaks loudly!
An ogre comes into view. It is wielding a +0 giant club.
The ogre shouts!
A scorpion comes into view.
The ogre moves out of view.
A scorpion is nearby!
Unknown command.
There is an open door here.
You hit the ogre but do no damage. The ogre closely misses you.
You hit the ogre.
The ogre is lightly wounded.
You slash the scorpion! You block the scorpion's attack.
The ogre hits you with a +0 giant club!!
The scorpion stings you but does no damage.
You slash the ogre!
The ogre is heavily wounded.
You hit the scorpion. The scorpion closely misses you.
You block the ogre's attack.
You barely miss the ogre.
The ogre is heavily wounded.
You hit the scorpion but do no damage.
The scorpion stings you but does no damage. x2
The ogre barely misses you.
You slash the ogre!
The ogre is almost dead.
You hit the scorpion but do no damage. You block the scorpion's attack.
The scorpion stings you.
You are poisoned.
The scorpion poisons you!
You closely miss the ogre.
The ogre is almost dead.
You barely miss the scorpion.
You feel very sick.
The ogre hits you with a +0 giant club!!
* * * LOW HITPOINT WARNING * * *
The scorpion stings you but does no damage.
As you read the scroll of teleportation, it crumbles to dust.
You feel strangely unstable.
You die...

#### ##..## +....# #....
#####sO#### ##.[.##@#..##
##.....##)...#
##+##.......'....#
##..##...8...##..##
#....')......##'##
#..†.##.....##..##
##..#'##..(##....#
####..#####+....#### ....
#....##..##..##..####....#


You could see an ogre and a scorpion.

Vanquished Creatures
  2 scorpions (D:4)
  3 hounds (D:4)
  2 adders
  4 dart slugs
  3 orcs
  12 ball pythons
  3 endoplasms
  2 giant cockroaches
  10 hobgoblins
  4 jackals (D:1)
  2 quokkas
  6 bats
  8 frilled lizards
  8 goblins
  4 kobolds
  4 rats
  3 toadstools (D:2)
80 creatures vanquished.

Vanquished Creatures (others)
  2 fungi (D:2)
  A toadstool (D:2)
3 creatures vanquished.

Grand Total: 83 creatures vanquished

Notes
Turn   | Place    | Note
-------+----------+-------------------------------------------
     0 | D:1      | Achh the Human Fighter began the quest for the Orb.
     0 | D:1      | Reached XP level 1. HP: 18/18 MP: 1/1
   130 | D:1      | Found a faded altar of an unknown god.
   248 | D:1      | Reached XP level 2. HP: 19/24 MP: 2/2
   561 | D:1      | Reached XP level 3. HP: 24/29 MP: 3/3
  2321 | D:3      | Reached XP level 4. HP: 31/35 MP: 4/4
  2498 | D:3      | Found a sacrificial altar of Ru.
  2513 | D:3      | Became a worshipper of Ru the Awakened
  2697 | D:3      | Found a hide-covered altar of Uskayaw.
  2765 | D:3      | Identified the +0 pair of gloves of Articulation {Fly rN+++
                  | Will+ Stlth-}
  3484 | D:4      | Found a broken altar of Ashenzari.
  3502 | D:4      | Reached XP level 5. HP: 31/41 MP: 5/5
  3713 | D:4      | Reached XP level 6. HP: 17/48 MP: 6/6
  4020 | D:4      | Reached skill level 1 in Dodging
  4146 | D:4      | Noticed an ogre
  4153 | D:4      | HP: 1/48 [ogre/+0 giant club (19)]
  4154 | D:4      | Succumbed to a scorpion's poison

Illustrated notes

Levels and vault maps discovered:
D:1:      onia_arrival_pyramid, layout_basic, basic_ecumenical_altar,
          serial_glass, glass_columns_b, glass_columns_b, glass_columns_b,
          glass_columns_c, glass_columns_a, glass_columns_a,
          minmay_misc_feat_rugged
D:2:      layout_basic, minmay_gold_behind_fungi, glass_columns_a
D:3:      cheibrodos_greedy_goblins, layout_basic,
          mainiacjoe_overflow_concentric_impassable,
          mainiacjoe_overflow_small_starburst, minmay_misc_feat_ornament
D:4:      minmay_bubble_buster, layout_gridville, mainiacjoe_overflow_alcove_2,
          fedhas_altar_4, mainiacjoe_overflow_24_doors

Skill      XL: |  1  2  3  4  5  6 |
---------------+-------------------+-----
Axes           | 3 4 |  4.3
Armour         | 4 |  4.2
Dodging        | 1 |  1.0
Fighting       | |  3.8
Stealth        | |  0.2
Shields        | |  3.8

Action                   |  1- 3 |  4- 6 || total
-------------------------+-------+-------++-------
Melee: War axe           |   115 |   102 ||   217
  Use: Scroll            |       |     4 ||     4
Armor: Scale mail        |    92 |    28 ||   120
       Chain mail        |       |    50 ||    50
Dodge: Dodged            |    84 |    58 ||   142
Block: Buckler           |    33 |    43 ||    76
